 Dungeon Crawl Stone Soup version 0.21.1-1-g345015f (webtiles) character file.

158 Solrac the Shield-Bearer (level 5, 0/42 HPs)
             Began as a Formicid Fighter on Mar 17, 2018.
             Slain by an orc
             ... wielding a +0 flail
              (2 damage)
             ... on level 4 of the Dungeon.
             The game lasted 00:11:53 (2904 turns).

Solrac the Shield-Bearer (Formicid Fighter)         Turns: 2904, Time: 00:11:54

Health: 0/42       AC:  7    Str: 21    XL:     5   Next: 67%
Magic:  5/5        EV:  8    Int:  7    God:
Gold:   249        SH: 10    Dex: 11    Spells: 4/4 levels left

rFire    . . .     SeeInvis +   a - +0 flail
rCold    . . .     Gourm    .   c - +0 shield
rNeg     . . .     Faith    .   b - +0 scale mail
rPois    +         Spirit   .   (helmet unavailable)
rElec    .         Reflect  .   (no cloak)
rCorr    .         Harm     .   m - +0 pair of gloves
MR       .....                  (no boots)
Stlth    ..........             (no amulet)
HPRegen  0.14/turn              g - ring of poison resistance
MPRegen  0.09/turn              (no ring)

@: drained
A: permanent stasis, dig shafts and tunnels, four strong arms, antennae 3
a: Dig, Shaft Self


You were on level 4 of the Dungeon.
You were hungry.

You visited 1 branch of the dungeon, and saw 4 of its levels.

You collected 249 gold pieces.

Inventory:

Hand Weapons
 a - a +0 flail (weapon)
 k - a +0 club
Missiles
 e - 96 stones (quivered)
Armour
 b - a +0 scale mail (worn)
 c - a +0 shield (worn)
 m - a +0 pair of gloves (worn)
Jewellery
 g - a ring of poison resistance (left hand)
 u - an uncursed ring of protection from fire {unknown}
Wands
 i - a wand of random effects (17)
Scrolls
 h - a scroll of enchant armour {unknown}
 j - 3 scrolls of remove curse
 n - a scroll of amnesia {unknown}
 r - a scroll of enchant weapon {unknown}
Potions
 d - a potion of might
 l - a potion of ambrosia {unknown}
 o - 2 potions of curing
 p - 2 potions of agility {unknown}
 q - a potion of degeneration {unknown}
 t - a potion of flight {unknown}
Comestibles
 f - 4 rations
 s - 3 chunks of flesh


   Skills:
 + Level 4.2(3.8) Fighting
 + Level 3.2(2.8) Maces & Flails
 - Level 3.2(2.8) Armour
 * Level 5.6(5.2) Shields


You had 4 spell levels left.
You didn't know any spells.

Dungeon Overview and Level Annotations

Branches:
Dungeon (4/15)
 Temple: D:4-7

Altars:
Sif Muna


Innate Abilities, Weirdness & Mutations

You cannot be hasted, slowed, berserked, paralysed or teleported.
You can dig through walls and to a lower floor.
Your four strong arms can wield two-handed weapons with a shield.
You have a pair of large antennae on your head. (SInv)


Message History

There is an open door here.
Your shield and scale mail prevent you from hitting the orc priest.
The orc priest is heavily wounded.
The orc priest hits you but does no damage.
You block the orc's attack. The orc hits you with a flail.
You block the orc priest's attack. The orc barely misses you.
You hit the orc priest.
The orc priest is heavily wounded.
The orc hits you with a flail.
The orc priest hits you but does no damage.
The orc hits you but does no damage.
The orc priest calls down the wrath of Beogh upon you.
Beogh smites you!
* * * LOW HITPOINT WARNING * * *
Your shield and scale mail prevent you from hitting the orc priest.
The orc priest is heavily wounded.
The orc barely misses you. You block the orc's attack.
The orc priest hits you but does no damage.
The orc hits you with a flail.
You die...

##.## #...# ##+# .).
.#...# ... # ......#
####.# # .......##
##.##.# #
.......o####...#.########
.......o@................
.......o####....#########
.......## ##.#.# #
#.....# ###.# ##...# #.#
##+# #.# #.# #.#


You could see an orc priest and 2 orcs.

Vanquished Creatures
  An orc priest (D:3)
  A worker ant (D:3)
  5 adders
  3 dart slugs
  A leopard gecko (D:3)
  4 orcs
  3 giant cockroaches
  2 goblins (D:2)
  2 hobgoblins (D:1)
  6 jackals
  5 kobolds
  3 ball pythons
  7 bats
  2 frilled lizards
  9 rats
54 creatures vanquished.

Notes
Turn   | Place    | Note
-------+----------+-------------------------------------------
     0 | D:1      | Solrac the Formicid Fighter began the quest for the Orb.
     0 | D:1      | Reached XP level 1. HP: 18/18 MP: 1/1
   488 | D:1      | Reached XP level 2. HP: 23/24 MP: 2/2
   493 | D:1      | Reached skill level 4 in Shields
   835 | D:2      | Reached XP level 3. HP: 17/29 MP: 3/3
  1435 | D:2      | Found a faded altar of an unknown god.
  1559 | D:2      | Reached XP level 4. HP: 35/37 MP: 4/4
  1824 | D:3      | Reached skill level 5 in Shields
  2002 | D:3      | Reached XP level 5. HP: 12/42 MP: 5/5
  2483 | D:3      | Found a deep blue altar of Sif Muna.
  2903 | D:4      | HP: 2/42 [orc priest/divine providence (12)]
  2904 | D:4      | Slain by an orc

Skill      XL: |  1  2  3  4  5 |
---------------+----------------+-----
Shields        | 4 5 |  5.6
Fighting       | 4 |  4.2
Maces & Flails | 3 |  3.2
Armour         | |  3.2

Action                   |  1- 3 |  4- 6 || total
-------------------------+-------+-------++-------
Melee: Flail             |    92 |   113 ||   205
  Use: Scroll            |     4 |       ||     4
       Potion            |       |     1 ||     1
  Eat: Chunk             |     2 |     4 ||     6
Armor: Scale mail        |    52 |    89 ||   141
Dodge: Dodged            |    31 |    49 ||    80
Block: Shield            |    61 |   107 ||   168
